[Event "FIDE Womens Grand Swiss 2021"]
[Site "Riga"]
[Date "2021.10.28"]
[Round "2.6"]
[White "Garifullina, Leya"]
[Black "Paehtz, Elisabeth"]
[Result "0-1"]
[ECO "B30"]
[WhiteElo "2409"]
[BlackElo "2475"]
[Annotator "ChessBase"]
[PlyCount "100"]
[EventDate "2021.10.27"]
[EventType "swiss"]
[EventCountry "LAT"]
[Tiebreak "Cut1 Buchholz+Sonneborn-Berger (Swiss)"]
[SourceTitle "playchess.com"]
[Source "ChessBase"]
[SourceQuality "1"]
[TimeControl "40/6000+30:20/3000+30:900+30"]

1. e4 c5 2. Nf3 Nc6 3. Bb5 e6 4. Bxc6 bxc6 5. b3 d6 6. e5 f6 7. exd6 Bxd6 8. Nc3 e5 9. Ne4 Ne7 10. Ba3 O-O 11. Qe2 Nd5 12. Nxd6 Qxd6 13. Qc4 Qc7 14. Bxc5 Re8 15. d3 Be6 16. Qh4 e4 17. Nd2 Qa5 18.
b4 Nxb4 19. Bxb4 Qxb4 20. Qf4 Bf7 21. O-O g5 22. a3 Qa5 23.
Qe3 exd3 24. Qxd3 Rad8 25. Nb3 Rxd3 26. Nxa5 Rc3 27. Rab1 Re5 28. Nb7 Rd5 29. h3 Rxc2 30. Rfc1 Bg6 31. Rxc2 Bxc2 32. Rb2 Bd3 33. Rd2 Kf7 34. f3 Ke7 35. Kf2 h5 36. Nc5 Rxc5 37. Rxd3 Rc2+ 38. Kg3 h4+ 39. Kg4 Ke6 40. Re3+ Kf7 41. g3 Rc4+ 42. f4 hxg3 43.
Re2 Rxf4+ 44. Kxg3 Rc4 45. Re3 a5 46. Kf3 Kg6 47. Kg3 a4 48.
Kf3 Kf5 49. Kg3 c5 50. Kf3 Rd4 0-1

[Event "FIDE Womens Grand Swiss 2021"]
[Site "Riga"]
[Date "2021.10.28"]
[Round "2.7"]
[White "Pogonina, Natalija"]
[Black "Sargsyan, Anna M."]
[Result "1-0"]
[ECO "A25"]
[WhiteElo "2467"]
[BlackElo "2402"]
[Annotator "ChessBase"]
[PlyCount "75"]
[EventDate "2021.10.27"]
[EventType "swiss"]
[EventCountry "LAT"]
[Tiebreak "Cut1 Buchholz+Sonneborn-Berger (Swiss)"]
[SourceTitle "playchess.com"]
[Source "ChessBase"]
[SourceQuality "1"]
[TimeControl "40/6000+30:20/3000+30:900+30"]

1. c4 e5 2. Nc3 Nc6 3. g3 f5 4. Bg2 Nf6 5. e3 Be7 6. d4 d6 7. Nge2 O-O 8. O-O Qe8 9. Rb1 a5 10. Nb5 Bd8 11. dxe5 dxe5 12. b3 Be6 13. Bb2 Rf7 14. Nec3 Rd7 15. Qe2 Nb4 16. a3 Nc6 17. Rfd1 Rc8 18. Rxd7 Nxd7 19. Nd5 e4 20. f3 exf3 21. Bxf3 Bf7 22. Rf1 Nc5 23. Bg2 Nxb3 24. Qc2 Nc5 25. Qxf5 Ne6 26. Kh1 Be7 27. Qg4 h5 28. Qf5 Bd6 29. Bh3 Rd8 30. Nf6+ gxf6 31. Qxf6 Be5 32. Bxe5 Nxe5 33. Qxe5 Ng7 34. Qf4 Qc6+ 35. Bg2 Qxc4 36. Nd4 c5 37. Qf6 Rd5 38. Qxf7+ 1-0

[Event "FIDE Womens Grand Swiss 2021"]
[Site "Riga"]
[Date "2021.10.28"]
[Round "2.9"]
[White "Zhu, Jiner"]
[Black "Melia, Salome"]
[Result "1-0"]
[ECO "B33"]
[WhiteElo "2455"]
[BlackElo "2371"]
[Annotator "ChessBase"]
[PlyCount "113"]
[EventDate "2021.10.27"]
[EventType "swiss"]
[EventCountry "LAT"]
[Tiebreak "Cut1 Buchholz+Sonneborn-Berger (Swiss)"]
[SourceTitle "playchess.com"]
[Source "ChessBase"]
[SourceQuality "1"]
[TimeControl "40/6000+30:20/3000+30:900+30"]

1. e4 c5 2. Nf3 Nc6 3. d4 cxd4 4. Nxd4 Nf6 5. Nc3 e5 6.
Ndb5 d6 7. Bg5 a6 8. Na3 b5 9. Nd5 Be7 10. Bxf6 Bxf6 11. c3 O-O 12. Nc2 Bg5 13. a4 bxa4 14. Rxa4 a5 15. Bc4 Rb8 16. b3 Kh8 17. Ra2 f5 18.
exf5 Bxf5 19. O-O Qd7 20. Qe2 Bg4 21. f3 Bf5 22. Kh1 Bg6 23.
Nce3 Rfe8 24. Nd1 Bd8 25. Nf2 Ne7 26. Nxe7 Qxe7 27. Ne4 Bc7 28. Rd1 Rf8 29. Rad2 Rbd8 30. Bd5 Rf4 31. Qc4 Rb8 32. b4 axb4 33. cxb4 Bb6 34. Ra2 Rff8 35. Ra6 Bxe4 36. Bxe4 Bd4 37. b5 Bc5 38. Rb1 Qd8 39. g3 g6 40. Kg2 Kg7 41. Qd3 Bb6 42. h4 Qc7 43.
Bc6 Rfd8 44. Ra2 Qf7 45. Bd5 Qf5 46. Qb3 Rf8 47. Rc1 g5 48.
Be4 Qf6 49. hxg5 Qxg5 50. Rc6 Kh8 51. Rxd6 Rg8 52. g4 Qc1 53. Rd1 Qf4 54. Qe6 Rge8 55. Qd7 Qh6 56. Rh1 Rbd8 57. Qxe8+ 1-0

[Event "FIDE Womens Grand Swiss 2021"]
[Site "Riga"]
[Date "2021.10.28"]
[Round "2.11"]
[White "Divya Deshmukh"]
[Black "Harika, Dronavalli"]
[Result "0-1"]
[ECO "C48"]
[WhiteElo "2305"]
[BlackElo "2511"]
[Annotator "ChessBase"]
[PlyCount "84"]
[EventDate "2021.10.27"]
[EventType "swiss"]
[EventCountry "LAT"]
[Tiebreak "Cut1 Buchholz+Sonneborn-Berger (Swiss)"]
[SourceTitle "playchess.com"]
[Source "ChessBase"]
[SourceQuality "1"]
[TimeControl "40/6000+30:20/3000+30:900+30"]

1. e4 e5 2. Nf3 Nc6 3. Nc3 Nf6 4. Bb5 Bd6 5. d3 O-O 6. Bg5 Be7 7. h3 Nd4 8. Nxd4 exd4 9. Bxf6 Bxf6 10. Ne2 d5 11. O-O a6 12. Ba4 dxe4 13. dxe4 b5 14. Bb3 Bb7 15. Ng3 c5 16. a4 c4 17. Ba2 Re8 18.
b3 d3 19. Rb1 dxc2 20. Qxc2 c3 21. b4 bxa4 22. Rbd1 Qc7 23. Qxa4 Bc6 24. Qc2 Rab8 25. Rb1 Red8 26. Bd5 Bxd5 27. exd5 Rxd5 28. Ne4 Bd4 29. Nd2 h6 30. Nf3 Bf6 31. Rfe1 g6 32. Ra1 Rd6 33. Qa4 Kg7 34. Nh2 Qc4 35. Ng4 Qxb4 36. Qa2 Qc5 37. Rac1 h5 38. Nxf6 Rxf6 39. Rc2 Qd4 40. Rec1 Rb2 41. Rxb2 cxb2 42. Rf1 a5 0-1

[Event "FIDE Womens Grand Swiss 2021"]
[Site "Riga"]
[Date "2021.10.28"]
[Round "2.12"]
[White "Saduakassova, Dinara"]
[Black "Maltsevskaya, Aleksandra"]
[Result "1/2-1/2"]
[ECO "A06"]
[WhiteElo "2491"]
[BlackElo "2411"]
[Annotator "ChessBase"]
[PlyCount "87"]
[EventDate "2021.10.27"]
[EventType "swiss"]
[EventCountry "LAT"]
[Tiebreak "Cut1 Buchholz+Sonneborn-Berger (Swiss)"]
[SourceTitle "playchess.com"]
[Source "ChessBase"]
[SourceQuality "1"]
[TimeControl "40/6000+30:20/3000+30:900+30"]

1. Nf3 d5 2. g3 c6 3. Bg2 Bg4 4. O-O e6 5. d3 Bd6 6. e4 Nd7 7. h3 Bxf3 8. Qxf3 Ngf6 9. exd5 cxd5 10. c4 O-O 11. Nc3 Nb6 12. Bg5 Be7 13. Bxf6 Bxf6 14. cxd5 exd5 15. Nxd5 Bxb2 16. Rab1 Bd4 17. Qe4 Bc5 18. d4 Re8 19. Qc2 Bxd4 20. Rfd1 Rc8 21. Qf5 g6 22. Qg4 Bxf2+ 23. Kxf2 Rc2+ 24. Kg1 Nxd5 25. Bxd5 Qc7 26. Rd3 Rc1+ 27. Rxc1 Qxc1+ 28. Rd1 Re1+ 29. Rxe1 Qxe1+ 30. Kh2 Qd2+ 31. Bg2 Qxa2 32. Qc8+ Kg7 33. Qxb7 a5 34. g4 a4 35. Kg3 Qb3+ 36. Qxb3 axb3 37. Kf4 b2 38. Be4 h6 39. Bb1 f5 40. Ke5 fxg4 41. hxg4 g5 42. Kf5 h5 43. gxh5 g4 44. Ke4 1/2-1/2

[Event "FIDE Womens Grand Swiss 2021"]
[Site "Riga"]
[Date "2021.10.28"]
[Round "2.13"]
[White "Stefanova, Antoaneta"]
[Black "Kamalidenova, Meruert"]
[Result "1-0"]
[ECO "E73"]
[WhiteElo "2475"]
[BlackElo "2339"]
[Annotator "ChessBase"]
[PlyCount "99"]
[EventDate "2021.10.27"]
[EventType "swiss"]
[EventCountry "LAT"]
[Tiebreak "Cut1 Buchholz+Sonneborn-Berger (Swiss)"]
[SourceTitle "playchess.com"]
[Source "ChessBase"]
[SourceQuality "1"]
[TimeControl "40/6000+30:20/3000+30:900+30"]

1. d4 Nf6 2. c4 g6 3. Nc3 Bg7 4. e4 d6 5. Be2 O-O 6. h4 c5 7. d5 e6 8. h5 exd5 9. exd5 Re8 10. h6 Bh8 11. Bg5 Qb6 12. b3 Bf5 13. Rc1 Nbd7 14. Kf1 Ne5 15.
Rh4 Qa5 16. Nb5 Qb6 17. g4 Bc8 18. Nc3 Nfd7 19. Bd2 Qd8 20.
Rh2 f5 21. gxf5 gxf5 22. Bh5 Re7 23. Rg2+ Kf8 24. Nf3 a6 25. Nxe5 Nxe5 26. Bg5 Qc7 27. Qd2 Rf7 28. Ne2 b5 29. Nf4 Rf6 30. Ne6+ Rxe6 31. dxe6 Bxe6 32. Re1 Qd7 33. f4 Ng6 34. Rge2 Re8 35. Bf3 Bd4 36. Qd3 Bf7 37. Rxe8+ Bxe8 38. Bd5 Bf7 39. Qf3 Be8 40. Be6 Qc7 41. Bxf5 bxc4 42. Rxe8+ Kxe8 43. Qa8+ Kf7 44. Qd5+ Ke8 45. Be6 Qb8 46. Qc6+ Kf8 47. Qd7 Qe8 48. Qxd6+ Ne7 49. Bxc4 a5 50. Qe6 1-0

[Event "FIDE Womens Grand Swiss 2021"]
[Site "Riga"]
[Date "2021.10.28"]
[Round "2.14"]
[White "Arabidze, Meri"]
[Black "Vantika Agrawal"]
[Result "1/2-1/2"]
[ECO "A05"]
[WhiteElo "2441"]
[BlackElo "2322"]
[Annotator "NA"]
[PlyCount "86"]
[EventDate "2021.10.27"]
[EventType "swiss"]
[EventCountry "LAT"]
[Tiebreak "Cut1 Buchholz+Sonneborn-Berger (Swiss)"]
[SourceTitle "playchess.com"]
[Source "ChessBase"]
[SourceQuality "1"]
[TimeControl "40/6000+30:20/3000+30:900+30"]

1. Nf3 Nf6 2. g3 g6 3. b3 Bg7 4. Bb2 d6 5. d4 c5 6. Bg2 cxd4 7. Nxd4 d5 8. O-O O-O 9. c4 dxc4 10. bxc4 Qb6 11. Qb3 {
[%emt 0:00:13] 11.Qc1 is more advanced technology.} Nfd7 12.
e3 e5 13. Nb5 Nc5 14. Qa3 Be6 15. Nd2 Rd8 16. Bc3 Rd7 {[%emt 0:00:39] [#]} 17. Ba5
$146 ({Predecessor:} 17. Rab1 Bf8 18. Nd4 Qd8 19. Nxe6 Nxe6
20. Qc1 Nc5 21. Qc2 Nc6 22. Ne4 Nd3 23. Rfd1 {1/2-1/2 (29) Arutinian,D (2536)
-Piorun,K (2653) Batumi 2018}) 17... Qa6 18. Qxc5 Qxa5 19. Qc8+ Bf8 20.
Nb3 Qb6 $11 21. a4 Re7 22. Qc5 Na6 23. Qxb6 axb6 24. Bd5 Bh3 25. Rfb1 Rd7 26. Nc3 Nb4 27. Nd2 Kg7 28. Rb3 Rc8 29. Rab1 Nxd5 30. Nxd5 Bc5 31. Ne4 Bf5 32. Nxc5 Rxc5 33. Nxb6 Rd6 34. Ra1 Be6 35. Rb4 h5 36. Kg2 e4 37. h3 Rd2 38. Rb5 Rc6 39. a5 Bxc4 40.
Nxc4 Rxc4 41. Rxb7 Rcc2 42. Rf1 Ra2 43. Re7 Ra4 1/2-1/2

[Event "FIDE Womens Grand Swiss 2021"]
[Site "Riga"]
[Date "2021.10.28"]
[Round "2.16"]
[White "Buksa, Nataliya"]
[Black "Zawadzka, Jolanta"]
[Result "1/2-1/2"]
[ECO "C65"]
[WhiteElo "2409"]
[BlackElo "2428"]
[Annotator "NA"]
[PlyCount "86"]
[EventDate "2021.10.27"]
[EventType "swiss"]
[EventCountry "LAT"]
[Tiebreak "Cut1 Buchholz+Sonneborn-Berger (Swiss)"]
[SourceTitle "playchess.com"]
[Source "ChessBase"]
[SourceQuality "1"]
[TimeControl "40/6000+30:20/3000+30:900+30"]

1. e4 e5 2. Nf3 Nc6 3. Bb5 Nf6 4. d3 Bc5 $11 5. Bxc6 dxc6 6.
O-O Qe7 7. Nbd2 Bg4 8. h3 Bh5 9. a3 Nd7 10. Nc4 f6 11. b4 Bb6 12. Be3 O-O 13. Qe2 Rfd8 14. c3 Nf8 15. a4 Bxf3 16. Qxf3 Rxd3 17. Qe2 Rd7 18. Bc1 a5 19. b5 cxb5 20. Nxb6 cxb6 21. Qxb5 Qe6 22. Be3 Rd6 23. Rab1 Nd7 24. Rfd1 Rc8 25. Rxd6 Qxd6 26. Qb3+ Kf8 27. Rd1 Qc6 28. Bc1 Nc5 29. Ba3 g5 30. Rd5 Kg7 31. Bxc5 bxc5 32. Qd1 Rc7 33. h4 h6 34. hxg5 hxg5 35. Qg4 Qxa4 36. Rd8 Qc2 37. f3 Qc1+ 38. Kf2 Qc2+ 39. Kg3 Qc1 40. Rd7+ Rxd7 41. Qxd7+ Kh6 42. Qh3+ Kg7 43. Qd7+ Kh6 1/2-1/2

[Event "FIDE Womens Grand Swiss 2021"]
[Site "Riga"]
[Date "2021.10.28"]
[Round "2.17"]
[White "Cori T., Deysi"]
[Black "Abdumalik, Zhansaya"]
[Result "0-1"]
[ECO "A05"]
[WhiteElo "2382"]
[BlackElo "2507"]
[Annotator "ChessBase"]
[PlyCount "78"]
[EventDate "2021.10.27"]
[EventType "swiss"]
[EventCountry "LAT"]
[Tiebreak "Cut1 Buchholz+Sonneborn-Berger (Swiss)"]
[SourceTitle "playchess.com"]
[Source "ChessBase"]
[SourceQuality "1"]
[TimeControl "40/6000+30:20/3000+30:900+30"]

1. Nf3 Nf6 2. c4 e6 3. g3 d5 4. Bg2 d4 5. O-O c5 6. b4 cxb4 7. e3 dxe3 8. fxe3 Qc7 9. Qe2 Nbd7 10. a3 Nb6 11. d3 e5 12. Qb2 e4 13.
Nd4 exd3 14. Nb5 Qxc4 15. Qe5+ Kd8 16. Bb2 Nbd7 17. Qf5 Be7 18. Nd4 Nb6 19. Qf3 b3 20. Rc1 Qa6 21. Nf5 Na4 22. Nxe7 Nxb2 23. Nd5 Na4 24. Qf4 Nxd5 25. Bxd5 Qb6 26. Nc3 b2 27. Nxa4 bxa1=Q 28. Rxa1 Qf6 29. Qxf6+ gxf6 30. Nc5 Ke7 31.
Nxd3 Rd8 32. Nf4 Rb8 33. Kf2 Be6 34. e4 b5 35. Ke3 Rbc8 36.
Rb1 a6 37. a4 Rc3+ 38. Ke2 Rc2+ 39. Kd3 Rc5 0-1

[Event "FIDE Womens Grand Swiss 2021"]
[Site "Riga"]
[Date "2021.10.28"]
[Round "2.18"]
[White "Houska, Jovanka"]
[Black "Kashlinskaya, Alina"]
[Result "0-1"]
[ECO "D37"]
[WhiteElo "2381"]
[BlackElo "2493"]
[Annotator "ChessBase"]
[PlyCount "98"]
[EventDate "2021.10.27"]
[EventType "swiss"]
[EventCountry "LAT"]
[Tiebreak "Cut1 Buchholz+Sonneborn-Berger (Swiss)"]
[SourceTitle "playchess.com"]
[Source "ChessBase"]
[SourceQuality "1"]
[TimeControl "40/6000+30:20/3000+30:900+30"]

1. Nf3 d5 2. d4 Nf6 3. c4 e6 4. Nc3 dxc4 5. e4 b5 6. e5 Nd5 7. Nxb5 Nb6 8. Be2 Nc6 9. O-O Be7 10. Be3 O-O 11. Qc1 a6 12. Nc3 Bb7 13.
Rd1 Nb4 14. Nd2 Qe8 15. Nxc4 Rd8 16. a3 N4d5 17. Nxb6 cxb6 18. Nxd5 Bxd5 19. a4 f5 20. f3 Rc8 21. Qd2 a5 22. Rdc1 Qg6 23.
Rxc8 Rxc8 24. Rc1 Rxc1+ 25. Qxc1 h6 26. Bd2 Qe8 27. Bb5 Qd8 28.
Bc4 Kh7 29. b3 Bc6 30. Be3 Qd7 31. Kf1 Bb4 32. Qc2 b5 33. axb5 Bxb5 34. Qd3 Bc6 35. Bd2 Bxd2 36. Qxd2 a4 37. bxa4 Bxa4 38. Qb4 Bc2 39. Qd6 Qa4 40. Bxe6 Bd3+ 41. Kf2 f4 42. h3 Qd1 43. Bf5+ Bxf5 44. e6 Qc1 45. Qe5 Bd3 46. Qe1 Qxe1+ 47. Kxe1 Kg6 48. Kf2 Kf6 49. g3 g5 0-1

[Event "FIDE Womens Grand Swiss 2021"]
[Site "Riga"]
[Date "2021.10.28"]
[Round "2.19"]
[White "Hoang, Thanh Trang"]
[Black "Danielian, Elina"]
[Result "0-1"]
[ECO "A41"]
[WhiteElo "2380"]
[BlackElo "2450"]
[Annotator "ChessBase"]
[PlyCount "114"]
[EventDate "2021.10.27"]
[EventType "swiss"]
[EventCountry "LAT"]
[Tiebreak "Cut1 Buchholz+Sonneborn-Berger (Swiss)"]
[SourceTitle "playchess.com"]
[Source "ChessBase"]
[SourceQuality "1"]
[TimeControl "40/6000+30:20/3000+30:900+30"]

1. d4 d6 2. e4 g6 3. Nc3 a6 4. Be3 Bg7 5. Nf3 b5 6. Bd3 Bb7 7. a4 b4 8. Ne2 Nf6 9. Ng3 Nbd7 10. h3 h5 11. Bg5 c5 12. c3 bxc3 13. bxc3 Qa5 14. Qd2 d5 15. e5 Ne4 16. Bxe4 dxe4 17. Nh4 cxd4 18. cxd4 Qxd2+ 19. Bxd2 O-O 20. O-O Rfd8 21. Bb4 Nf8 22. Bc5 Ne6 23. Bb6 Rd7 24. Ne2 Bh6 25. g3 Rc8 26. Ra2 Rc4 27.
a5 Bc6 28. Ng2 Ng5 29. h4 Nf3+ 30. Kh1 Rb4 31. Ne3 Bb5 32. Rc1 Kg7 33. Kg2 Rb3 34. Rc3 Rb1 35. Rc1 Rxc1 36. Nxc1 Nxd4 37. Rd2 Nf3 38. Rxd7 Bxd7 39. Bc7 Kf8 40. Nb3 Ne1+ 41. Kf1 Nd3 42. Ke2 Nb4 43. Nd4 Ke8 44. Nc4 Nc6 45. Nb3 Bg4+ 46. Ke1 Be6 47. Ncd2 e3 48. fxe3 Bxe3 49. Ke2 Bxd2 50. Nxd2 Kd7 51. Bb6 Nxe5 52. Ne4 Kc6 53. Bd8 Bg4+ 54. Kf2 Kd5 55. Ng5 f6 56. Nh7 Ke6 57. Bc7 Nc6 0-1

[Event "FIDE Womens Grand Swiss 2021"]
[Site "Riga"]
[Date "2021.10.28"]
[Round "2.20"]
[White "Cramling, Pia"]
[Black "Padmini, Rout"]
[Result "0-1"]
[ECO "E10"]
[WhiteElo "2447"]
[BlackElo "2380"]
[Annotator "NA"]
[PlyCount "80"]
[EventDate "2021.10.27"]
[EventType "swiss"]
[EventCountry "LAT"]
[Tiebreak "Cut1 Buchholz+Sonneborn-Berger (Swiss)"]
[SourceTitle "playchess.com"]
[Source "ChessBase"]
[SourceQuality "1"]
[TimeControl "40/6000+30:20/3000+30:900+30"]

1. d4 Nf6 2. c4 e6 3. Nf3 c5 4. e3 cxd4 5. exd4 d5 6. Nc3 Bb4 7. cxd5 Nxd5 8.
Bd2 Nc6 9. Bd3 Be7 10. a3 Bf6 11. O-O O-O 12. Be3 Nce7 13. Ne4 Nf5 14. Nxf6+ Qxf6 15. Qe2 b6 16. Ne5 Bb7 17. Rad1 $15 Rad8 18.
Bb1 Qh4 19. Qd2 h6 20. Bxf5 exf5 21. f3 Rfe8 22. Rfe1 f4 23. Bf2 Qg5 24. Rc1 Re6 25. b4 f6 26. Nc4 Rc6 27. b5 Rc7 28. a4 Qg6 29. a5 Rdc8 30.
Nd6 Rc2 31. Rxc2 Rxc2 32. Re8+ Kh7 33. Nf7 Qxg2+ 34. Kxg2 Rxd2 35. Kf1 Rd1+ 36. Re1 Rxe1+ 37. Bxe1 Nc7 38. axb6 axb6 39. Ke2 Nxb5 40. Bf2 Bd5 0-1

[Event "FIDE Womens Grand Swiss 2021"]
[Site "Riga"]
[Date "2021.10.28"]
[Round "2.21"]
[White "Girya, Olga"]
[Black "Rogule, Laura"]
[Result "1-0"]
[ECO "D30"]
[WhiteElo "2410"]
[BlackElo "2289"]
[Annotator "NA"]
[PlyCount "111"]
[EventDate "2021.10.27"]
[EventType "swiss"]
[EventCountry "LAT"]
[Tiebreak "Cut1 Buchholz+Sonneborn-Berger (Swiss)"]
[SourceTitle "playchess.com"]
[Source "ChessBase"]
[SourceQuality "1"]
[TimeControl "40/6000+30:20/3000+30:900+30"]

1. d4 d5 2. c4 e6 3. Nf3 Nf6 4. g3 Bb4+ 5. Bd2 Be7 6. Bg2 O-O 7. O-O c6 8. Qc2 Nbd7 9. Bf4 b6 10. Nbd2 Bb7 11. e4 dxe4 12. Nxe4 Nxe4 13. Qxe4 Nf6 14. Qe2 c5 15. Rfd1 cxd4 16. Rxd4 Qe8 17. Ne5 Bxg2 18. Kxg2 Rd8 19. Rxd8 Qxd8 20. Qf3 Qc8 21. Rd1 Re8 22. g4 Qa8 23. Qxa8 Rxa8 24. Kf3 h6 25. Nc6 Kf8 26. b4 a6 27. a4 Rc8 28. b5 axb5 29. axb5 Bc5 30. h4 Ke8 31. Be5 Ra8 32. g5 hxg5 33.
hxg5 Nd7 34. Bxg7 Ra4 35. Ra1 Rxa1 36. Bxa1 Be7 37. Kg4 Nc5 38. Bd4 Nd7 39. f4 Bd6 40. Kf3 Bc7 41. Ne5 Bxe5 42. Bxe5 Ke7 43. Kg4 Nc5 44. Bd4 Nd7 45. Kh5 Kf8 46. Kh6 Ke8 47. Kg7 Ke7 48. Bf6+ Ke8 49. Be5 Nc5 50. Bc7 Na4 51. Kf6 Nb2 52. c5 bxc5 53. b6 Kd7 54. Be5 Nc4 55. b7 Nxe5 56. b8=Q 1-0

[Event "FIDE Womens Grand Swiss 2021"]
[Site "Riga"]
[Date "2021.10.28"]
[Round "2.22"]
[White "Lujan, Carolina"]
[Black "Milliet, Sophie"]
[Result "1-0"]
[ECO "C50"]
[WhiteElo "2340"]
[BlackElo "2410"]
[Annotator "NA"]
[PlyCount "137"]
[EventDate "2021.10.27"]
[EventType "swiss"]
[EventCountry "LAT"]
[Tiebreak "Cut1 Buchholz+Sonneborn-Berger (Swiss)"]
[SourceTitle "playchess.com"]
[Source "ChessBase"]
[SourceQuality "1"]
[TimeControl "40/6000+30:20/3000+30:900+30"]

1. e4 e5 2. Nf3 Nc6 3. Bc4 Nf6 4. d3 Bc5 $11 5. O-O d6 6. c3 a6 7. Bb3 Ba7 8. Nbd2 h6 9. Re1 g5 10. Nf1 Nh5 11. Be3 Nf4 12. d4 Qf6 13.
dxe5 dxe5 14. Bxa7 Rxa7 15. Ne3 g4 16. Nd5 Nxd5 17. exd5 gxf3 18. dxc6 Rg8 19. g3 Kf8 20. Bd5 bxc6 21. Qxf3 Rg6 22. Qxf6 Rxf6 23. Bg2 Rb7 24. b3 Rb5 25. c4 Ra5 26. a4 Rc5 27. a5 Re6 28. f3 Re8 29. Bf1 e4 30. Rxe4 Rxe4 31. fxe4 Re5 32. Bd3 c5 33. Kf2 Bb7 34. Ke3 Ke7 35. Kf4 f6 36. g4 Re6 37. Rg1 Rd6 38.
Ke3 Rd8 39. Rf1 Bc8 40. Be2 Be6 41. Rg1 Rb8 42. Bd1 Rd8 43.
Bc2 Rg8 44. Kf4 Rd8 45. Rg2 Rg8 46. h4 Kd6 47. Bd1 Rf8 48.
Rd2+ Ke7 49. Rd3 Rg8 50. e5 fxe5+ 51. Kxe5 Bxg4 52. Rg3 Be6 53. Rxg8 Bxg8 54. Bg4 Bh7 55. Bf5 Bg8 56. Bc8 c6 57. Bxa6 Kd7 58. Kf6 Bh7 59. Kg7 Bc2 60. Kxh6 Bxb3 61. h5 Bd1 62. Kg6 Kc7 63. h6 Kb8 64. h7 Bc2+ 65. Kg7 Bxh7 66. Kxh7 Ka7 67. Bc8 Kb8 68. Bd7 Kb7 69. Kg6 1-0

[Event "FIDE Womens Grand Swiss 2021"]
[Site "Riga"]
[Date "2021.10.28"]
[Round "2.23"]
[White "Eizaguerri Floris, Maria"]
[Black "Cyfka, Karina"]
[Result "0-1"]
[ECO "C89"]
[WhiteElo "2328"]
[BlackElo "2409"]
[Annotator "NA"]
[PlyCount "128"]
[EventDate "2021.10.27"]
[EventType "swiss"]
[EventCountry "LAT"]
[Tiebreak "Cut1 Buchholz+Sonneborn-Berger (Swiss)"]
[SourceTitle "playchess.com"]
[Source "ChessBase"]
[SourceQuality "1"]
[TimeControl "40/6000+30:20/3000+30:900+30"]

1. e4 e5 2. Nf3 Nc6 3. Bb5 a6 4. Ba4 Nf6 5. O-O Be7 6. Re1 b5 7. Bb3 O-O 8. c3 d5 9. exd5 Nxd5 10. Nxe5 Nxe5 11. Rxe5 c6 12. d3 Bd6 13. Re1 Bf5 14. Qf3 Qh4 15. g3 Qh3 16. Be3 Bg4 17. Qg2 Qh5 18.
Nd2 Rae8 19. Bxd5 cxd5 20. f3 Bh3 21. Qf2 Qg6 22. Rad1 h5 23.
Nb3 h4 24. f4 Bf5 25. Nc1 hxg3 26. hxg3 Bg4 27. Rd2 Qh5 28. Qh2 Qf5 29. Nb3 Qg6 30. Nd4 Re7 31. Bf2 Rxe1+ 32. Bxe1 Re8 33. Bf2 b4 34. Qg2 bxc3 35. bxc3 Rb8 36. Nb3 a5 37. Ba7 Rb7 38. Bd4 Qe6 39. Qf1 Rb5 40. Rc2 a4 41. Na1 Bh3 42. Qd1 Qg6 43. Kf2 Bg4 44. Qf1 Qf5 45. Kg1 Qc8 46. c4 dxc4 47. dxc4 Rb4 48. a3 Rb8 49. c5 Bf8 50. Rc1 Qd7 51. Qc4 Bf3 52. Kf2 Bd5 53. Qf1 Bc6 54. Be3 Qd5 55. Ke1 Bb5 56. Qf2 Re8 57. Nc2 Bxc5 58. Rd1 Qb3 59. Kd2 Rd8+ 60. Ke1 Qc3+ 61. Rd2 Re8 62. Kd1 Bxe3 63. Nxe3 Qa1+ 64. Kc2 Rc8+ 0-1

[Event "FIDE Womens Grand Swiss 2021"]
[Site "Riga"]
[Date "2021.10.28"]
[Round "2.25"]
[White "Socko, Monika"]
[Black "February, Jesse Nikki"]
[Result "1-0"]
[ECO "C00"]
[WhiteElo "2397"]
[BlackElo "1857"]
[Annotator "NA"]
[PlyCount "121"]
[EventDate "2021.10.27"]
[EventType "swiss"]
[EventCountry "LAT"]
[Tiebreak "Cut1 Buchholz+Sonneborn-Berger (Swiss)"]
[SourceTitle "playchess.com"]
[Source "ChessBase"]
[SourceQuality "1"]
[TimeControl "40/6000+30:20/3000+30:900+30"]

1. e4 e6 2. d4 d5 3. Bd3 dxe4 4. Bxe4 Nf6 5. Bf3 c5 6. Ne2 Nc6 7. Be3 cxd4 8. Nxd4 Nxd4 9. Qxd4 Qxd4 10. Bxd4 Bd6 11. O-O O-O 12. Rd1 Bc7 13. Nc3 a6 14. Na4 Bd7 15. Nc5 Bc6 16. Bxc6 bxc6 17. Bxf6 gxf6 18. Nd7 Rfd8 19. Nxf6+ Kg7 20. Ne4 Be5 21. c3 Rab8 22. Rxd8 Rxd8 23. Kf1 Rd5 24. g3 f5 25. Ng5 Kf6 26. f4 h6 27. Nf3 Bc7 28. Ke2 e5 29. fxe5+ Bxe5 30. Rd1 Rb5 31. b3 a5 32. Nd4 Rb6 33. Kd3 c5 34. Ne2 Rd6+ 35. Kc2 Re6 36. Rd5 Bd6 37. Kd3 Kg5 38. h3 h5 39. a4 Be7 40. Nf4 Re4 41. Nxh5 Re1 42. Nf4 Rb1 43. Kc4 Rg1 44. Ne6+ Kf6 45. Nxc5 Rxg3 46. Nd3 Rxh3 47. Rxa5 f4 48. Rd5 f3 49. Nf2 Rh8 50. Rd3 Rc8+ 51. Kd5 Rd8+ 52. Ke4 Rb8 53. Rxf3+ Ke6 54. c4 Bb4 55. Nd3 Ba5 56. Rf5 Bc7 57. Rh5 Bd6 58. c5 Be7 59. b4 Ra8 60. Rh6+ Kd7 61. Ne5+ 1-0

[Event "FIDE Womens Grand Swiss 2021"]
[Site "Riga"]
[Date "2021.10.29"]
[Round "3.3"]
[White "Batsiashvili, Nino"]
[Black "Zhu, Jiner"]
[Result "1/2-1/2"]
[ECO "D40"]
[WhiteElo "2484"]
[BlackElo "2455"]
[Annotator "ChessBase"]
[PlyCount "125"]
[EventDate "2021.10.27"]
[EventType "swiss"]
[EventCountry "LAT"]
[Tiebreak "Cut1 Buchholz+Sonneborn-Berger (Swiss)"]
[SourceTitle "playchess.com"]
[Source "ChessBase"]
[SourceQuality "1"]
[TimeControl "40/6000+30:20/3000+30:900+30"]

1. d4 Nf6 2. c4 e6 3. Nf3 d5 4. Nc3 c5 5. e3 Nc6 6. a3 a6 7. b3 Be7 8. Bb2 O-O 9. Bd3 cxd4 10. exd4 b6 11. O-O Bb7 12. Qe2 Na5 13. cxd5 Nxd5 14. Nxd5 Qxd5 15. b4 Nc6 16. Rad1 Bd6 17. Be4 Qh5 18. h3 Rfe8 19. Qe3 Rab8 20. d5 exd5 21. Rxd5 Qxd5 22. Bxd5 Rxe3 23. fxe3 Nd8 24. Bb3 Bxf3 25. gxf3 Kf8 26. Rd1 Be7 27. Rd7 Rb7 28. Rxb7 Nxb7 29. Bd4 Bd8 30. Kf2 f6 31. e4 Bc7 32. Ke3 Ke7 33. Bc4 a5 34. bxa5 Nxa5 35.
Bd5 Kd7 36. f4 Nc6 37. Bb2 g5 38. Bxc6+ Kxc6 39. f5 Bd8 40. e5 fxe5 41. Ke4 h5 42. Bxe5 g4 43. hxg4 hxg4 44. Kf4 Kd5 45. Bc3 b5 46. Kxg4 Ke4 47. Bd2 Be7 48. Bb4 Bf6 49. Bf8 Bd8 50. Bg7 Be7 51. Bb2 Bd8 52. Bc3 Be7 53. Bb4 Bf6 54. Bd2 Be7 55. Bc1 Ke5 56. Bb2+ Ke4 57. f6 Bxf6 58. Bxf6 Kd5 59. Kf5 Kc6 60. Ke6 Kb7 61. Kd6 Ka8 62. Kc6 Ka7 63. Kxb5 1/2-1/2

[Event "FIDE Womens Grand Swiss 2021"]
[Site "Riga"]
[Date "2021.10.29"]
[Round "3.7"]
[White "Badelka, Olga"]
[Black "Muzychuk, Mariya"]
[Result "1/2-1/2"]
[ECO "A07"]
[WhiteElo "2438"]
[BlackElo "2536"]
[Annotator "ChessBase"]
[PlyCount "86"]
[EventDate "2021.10.27"]
[EventType "swiss"]
[EventCountry "LAT"]
[Tiebreak "Cut1 Buchholz+Sonneborn-Berger (Swiss)"]
[SourceTitle "playchess.com"]
[Source "ChessBase"]
[SourceQuality "1"]
[TimeControl "40/6000+30:20/3000+30:900+30"]

1. Nf3 d5 2. g3 Nf6 3. Bg2 c6 4. O-O Bg4 5. h3 Bh5 6. c4 e6 7. d4 Nbd7 8. cxd5 exd5 9. Nh4 Ne4 10. Nc3 Ndf6 11. Qd3 Qe7 12. Nf5 Qe6 13. f3 Nxc3 14. bxc3 Bg6 15. e4 O-O-O 16. g4 h5 17. e5 Ng8 18. Bg5 f6 19. exf6 gxf6 20. Rae1 Qd7 21. Bf4 Rh7 22. h4 hxg4 23. fxg4 Bxf5 24. gxf5 Rxh4 25. Qg3 Rh8 26. Re6 Bh6 27. Bb8 Bg5 28. Bxa7 Qc7 29. Qxc7+ Kxc7 30. Rb1 Ra8 31. Bb6+ Kd7 32. Bc5 b5 33. c4 Nh6 34. Rd6+ Kc7 35. cxb5 cxb5 36. Bxd5 Nxf5 37. Rc6+ Kd7 38. Rxb5 Rab8 39. Rcb6 Rxb6 40. Rxb6 Be3+ 41.
Kg2 Bxd4 42. Rb7+ Kc8 43. Bxd4 Rd8 1/2-1/2